 Dungeon Sprint DCSS version 0.29-a0-923-g6e406bff71 (webtiles) character file.

Game seed: 12470210256709752224

1298 Hipnos the Thaumaturge (level 8, -22/42 HPs)
             Began as a Deep Elf Fire Elementalist on July 27, 2022.
             Was an Initiate of Vehumet.
             Engulfed by a cloud of flame (24 damage)
             ... in the Dungeon (Sprint II: "The Violet Keep of Menkaure").
             The game lasted 00:08:25 (1461 turns).

Hipnos the Thaumaturge (Deep Elf Fire Elementalist) Turns: 1461, Time: 00:08:32

Health: -22/42     AC:  2    Str:  5    XL:     8   Next: 31%
Magic:  15/28      EV: 14    Int: 23    God:    Vehumet [......]
Gold:   495        SH:  0    Dex: 15    Spells: 17/35 levels left

rFire   . . .      SeeInvis .     - Unarmed
rCold   . . .      Faith    .   (no shield)
rNeg    . . .      Spirit   .   a - +0 robe
rPois   .          Reflect  .   (no helmet)
rElec   .          Harm     .   (no cloak)
rCorr   .          Rampage  .   (no gloves)
Will    .....      NoTele   +   (no boots)
Stlth   +++.......              (no amulet)
HPRegen 0.14/turn               (no ring)
MPRegen 0.21/turn               (no ring)

@: unable to drink
A: no potion heal 1, inability to drink while threatened 1
a: Renounce Religion


You were in the Dungeon.
You worshipped Vehumet.
Vehumet was noncommittal.
You visited 1 branch You collected 729 gold pieces.
You spent 234 gold pieces at shops.

Inventory:

Armour
 a - a +0 robe (worn)
Scrolls
 g - a scroll of blinking
Potions
 b - 2 potions of magic
 c - a potion of curing
 d - a potion of heal wounds
 e - a potion of haste


   Skills:
 + Level 0.5 Fighting
 + Level 5.3 Dodging
 + Level 6.7 Stealth
 + Level 2.1 Unarmed Combat
 + Level 14.2 Spellcasting
 + Level 6.1 Conjurations
 + Level 13.4 Fire Magic
 + Level 0.1 Earth Magic


You had 17 spell levels left.
You knew the following spells:

 Your Spells              Type           Power      Damage    Failure   Level
a - Foxfire               Conj/Fire      100%       2x1d9     1%          1
b - Scorch                Fire           100%       2d10      1%          2
c - Flame Wave            Conj/Fire      57%        2d14      1%          4
d - Conjure Flame         Conj/Fire      57%        6-21      1%          3
e - Inner Flame           Hex/Fire       47%        N/A       1%          3
f - Passwall              Tmut/Erth      13%        N/A       5%          2
g - Stone Arrow           Conj/Erth      62%        3d10      3%          3

Your spell library contained the following spells:

 Spells                   Type           Power      Damage    Failure   Level
 Sandblast                Erth           34%        2d9       3%          1


Dungeon Overview and Level Annotations

Branches:
Dungeon (1/1)

Altars:
Cheibriados
Dithmenos
Elyvilon
Fedhas
Gozag
Hepliaklqana
Kikubaaqudgha
Makhleb
Nemelex Xobeh
Okawaru
Qazlal
Ru
Sif Muna
Trog
Uskayaw
Vehumet
Wu Jian
Xom
Yredelemnul
Zin
The Shining One
Jiyva
Lugonu

Shops:
D =:?:*!([?(!=[=!

Annotations:
D exclusions: oklob plant and orange crystal statue


Innate Abilities, Weirdness & Mutations

Potions are less effective at restoring your health.
You occasionally lose the ability to drink potions when taking damage.


Message History

Aim: a polar bear (chance to affect: 92%)
The polar bear is filled with an inner flame.
The water moccasin hisses angrily.
Casting: Inner Flame (safe; 1% risk of failure)
Confirm with . or Enter, or press ? or * to list all spells.
Okay, then.
Casting: Inner Flame (safe; 1% risk of failure)
Confirm with . or Enter, or press ? or * to list all spells.
Casting: Flame Wave (dangerous; 1% risk of failure)
Press: ? - help, Dir - look around, f - activate A wave of flame ripples out! (Press . to intensify the flame waves.)
The hornet buzzes angrily.
A wave of flame ripples out!
The flame wave engulfs the polar bear!!
Flame seeps out of the polar bear.
The polar bear is heavily wounded.
The polar bear is engulfed in blazing flames.
Flame seeps out of the polar bear.
The polar bear closely misses you. The polar bear claws you.
The polar bear barely misses you.
A wave of flame ripples out!
The flame wave engulfs the polar bear.
Flame seeps out of the polar bear.
The polar bear is severely wounded.
You finish channelling waves of flame.
The polar bear is engulfed in blazing flames.
Flame seeps out of the polar bear.
The polar bear goes berserk!
Casting: Flame Wave (dangerous; 1% risk of failure)
Confirm with . or Enter, or press ? or * to list all spells.
Casting: Flame Wave (dangerous; 1% risk of failure)
Press: ? - help, Dir - look around, f - activate A wave of flame ripples out!
The flame wave engulfs the polar bear!
Vehumet accepts your kill. (Press . to intensify the flame waves.)
The polar bear explodes!
The fiery explosion engulfs you!!!
Ouch! That really hurt!
* * * LOW HITPOINT WARNING * * *
You are engulfed in blazing flames.
You feel threatened and lose the ability to drink potions!
Ouch! That really hurt!
You die...

##≈≈§....≈#'########+###
≈≈≈≈≈≈≈..§#.._.....#≈§§##
§≈≈≈≈≈≈≈.≈#.c._....#≈§§≈#
≈§≈≈≈≈≈§≈≈#_._._...#≈§§§§
≈≈≈≈≈≈§≈≈≈#._._._..#§≈≈≈≈
#≈≈§§§≈§≈≈#_yh._._.#§≈§≈≈
##≈≈§###§§#._.§§_._#§≈≈≈≈
≈##§§# #§§#_._.°§_.#§§≈§
≈≈'≈≈# #≈§#...§§@._#S≈§≈
≈##≈≈§≈≈§≈##########§§≈≈
## #######≈≈≈≈≈S≈≈≈≈≈≈≈▓
# .###≈########≈▓▓▓▓ .##≈
▓▓ .+


You could see a polar bear, a yaktaur, a hornet and 2 water moccasins.

Vanquished Creatures
  A merfolk siren (D)
  A polar bear (D)
  A blink frog (D)
  2 wyverns (D)
  3 neqoxecs (D)
  A water moccasin (D)
  3 worms (D)
12 creatures vanquished.

Vanquished Creatures (others)
  A neqoxec (D)
  Menkaure (D)
  A water moccasin (D)
  21 foxfires (D)
24 creatures vanquished.

Grand Total: 36 creatures vanquished

Notes
Turn   | Place    | Note
-------+----------+-------------------------------------------
     0 | D        | Hipnos the Deep Elf Fire Elementalist began the quest for
                  | the Orb.
     0 | D        | Reached XP level 1. HP: 10/10 MP: 6/6
    24 | D        | Killed Menkaure
   297 | D        | Found Cij Bege's Distillery.
   297 | D        | Found Xeodeh's Jewellery Shoppe.
   297 | D        | Found Bymih's Jewellery Shoppe.
   297 | D        | Found Desmy's Distillery.
   298 | D        | Found Esmoiremm's Antique Armour Emporium.
   298 | D        | Found Pusor's Antique Weapon Shoppe.
   298 | D        | Found Muopiw's Magic Scroll Emporium.
   298 | D        | Found Waulais's Antique Armour Shoppe.
   311 | D        | Reached skill level 4 in Spellcasting
   311 | D        | Reached XP level 2. HP: 15/15 MP: 3/9
   368 | D        | Learned a level 2 spell: Scorch
   368 | D        | Noticed a wyvern
   368 | D        | Noticed a wyvern
   372 | D        | Noticed a neqoxec
   376 | D        | Noticed a merfolk siren
   386 | D        | Killed a merfolk siren
   387 | D        | Reached skill level 5 in Dodging
   387 | D        | Reached skill level 5 in Stealth
   387 | D        | Reached skill level 1 in Unarmed Combat
   387 | D        | Reached skill level 10 in Spellcasting
   387 | D        | Reached skill level 10 in Fire Magic
   387 | D        | Reached XP level 3. HP: 19/19 MP: 7/16
   387 | D        | Reached XP level 4. HP: 24/24 MP: 7/18
   387 | D        | Reached XP level 5. HP: 28/28 MP: 7/19
   387 | D        | Reached XP level 6. HP: 32/32 MP: 7/21
   472 | D        | Learned a level 4 spell: Flame Wave
   476 | D        | Learned a level 3 spell: Conjure Flame
   480 | D        | Learned a level 3 spell: Inner Flame
   483 | D        | Killed a water moccasin
   488 | D        | Killed a neqoxec
   489 | D        | Reached skill level 11 in Spellcasting
   529 | D        | Killed a neqoxec
   539 | D        | Noticed a neqoxec
   540 | D        | Noticed an orange crystal statue
   541 | D        | Gained mutation: You occasionally lose the ability to drink
                  | potions when taking damage. [a neqoxec]
   543 | D        | Killed a neqoxec
   544 | D        | Reached skill level 5 in Conjurations
   544 | D        | Reached XP level 7. HP: 36/36 MP: 17/24
   559 | D        | Noticed a neqoxec
   561 | D        | Gained mutation: Potions are less effective at restoring
                  | your health. [a neqoxec]
   562 | D        | Killed a neqoxec
   563 | D        | Reached skill level 12 in Spellcasting
   618 | D        | Killed a wyvern
   618 | D        | Killed a wyvern
   619 | D        | Reached skill level 13 in Spellcasting
   619 | D        | Reached XP level 8. HP: 20/41 MP: 17/27
   806 | D        | Found Yfaafadu's Weapon Emporium.
   806 | D        | Found Jopien's Distillery.
   806 | D        | Found Guec Jan's General Store.
  1112 | D        | Found Ylenko's Book Shoppe.
  1112 | D        | Found Vyme's Magic Scroll Emporium.
  1112 | D        | Noticed a great orb of eyes
  1112 | D        | Noticed an oklob plant
  1113 | D        | Found Quklosu's Jewellery Shoppe.
  1113 | D        | Found Temyim's Book Shoppe.
  1122 | D        | Bought a book of Geomancy for 234 gold pieces
  1127 | D        | Learned a level 2 spell: Passwall
  1131 | D        | Learned a level 3 spell: Stone Arrow
  1147 | D        | Noticed a blink frog
  1149 | D        | Killed a blink frog
  1150 | D        | Reached skill level 14 in Spellcasting
  1197 | D        | Found a stormy altar of Qazlal.
  1197 | D        | Found an ornate altar of the Wu Jian Council.
  1197 | D        | Found a glowing golden altar of the Shining One.
  1198 | D        | Found a hazy altar of Hepliaklqana.
  1198 | D        | Found a sacrificial altar of Ru.
  1198 | D        | Found a shimmering altar of Xom.
  1199 | D        | Found a viscous altar of Jiyva.
  1199 | D        | Found a shimmering blue altar of Sif Muna.
  1199 | D        | Found a basalt altar of Yredelemnul.
  1200 | D        | Found a snail-covered altar of Cheibriados.
  1200 | D        | Found an ancient bone altar of Kikubaaqudgha.
  1200 | D        | Found a bloodstained altar of Trog.
  1200 | D        | Found a glowing silver altar of Zin.
  1203 | D        | Found a shadowy altar of Dithmenos.
  1203 | D        | Found a corrupted altar of Lugonu.
  1265 | D        | Found a white marble altar of Elyvilon.
  1265 | D        | Found a burning altar of Makhleb.
  1269 | D        | Found a blossoming altar of Fedhas.
  1447 | D        | Found an opulent altar of Gozag.
  1447 | D        | Found a hide-covered altar of Uskayaw.
  1447 | D        | Found a sparkling altar of Nemelex Xobeh.
  1447 | D        | Noticed a hornet
  1447 | D        | Noticed a polar bear
  1448 | D        | Found a radiant altar of Vehumet.
  1448 | D        | Found an iron altar of Okawaru.
  1448 | D        | Noticed a yaktaur
  1448 | D        | Noticed a polar bear
  1448 | D        | Noticed a polar bear
  1456 | D        | Became a worshipper of Vehumet
  1461 | D        | Killed a polar bear
  1461 | D        | HP: 2/42 [spore (37)]
  1461 | D        | Engulfed by a cloud of flame

Illustrated notes

Levels and vault maps discovered:
D:        the_violet_keep_of_menkaure [sprint2_stairs_cluster_1,
          sprint2_shoproom, sprint2_temple, sprint2_basic_supplies,
          sprint2_obstacle_4, sprint2_obstacle_3, sprint2_obstacle_7,
          sprint2_obstacle_2, sprint2_obstacle_1, sprint2_timed_cluster_1,
          sprint2_smallroom_cluster_1, sprint2_smallroom_final_cluster_1,
          sprint2_transparent_cluster_1, sprint2_second_timed_cluster_1,
          sprint2_sniper_area_1, sprint2_heavy_combat_area_1,
          sprint2_mutation_trap_area_1, sprint2_forest_area_1,
          sprint2_light_combat_area_1, sprint2_behind_water_1,
          sprint2_near_end_vault_1]

Skill      XL: |  1  2  3  4  5  6  7  8 |
---------------+-------------------------+-----
Fire Magic     | 4 10 11 12 13 | 13.4
Dodging        | 3 5 |  5.3
Spellcasting   | 4 10 11 13 14 | 14.2
Stealth        | 5 6 |  6.7
Unarmed Combat | 1 2 |  2.1
Conjurations   | 4 5 6 |  6.1
Fighting       | |  0.5
Earth Magic    | |  0.1

Action                   |  1- 3 |  4- 6 |  7- 9 || total
-------------------------+-------+-------+-------++-------
Melee: Unarmed           |     4 |       |       ||     4
 Cast: Foxfire           |    12 |     1 |       ||    13
       Scorch            |     4 |     5 |     6 ||    15
       Conjure Flame     |       |     1 |       ||     1
       Flame Wave        |       |       |     3 ||     3
       Stone Arrow       |       |       |     2 ||     2
       Inner Flame       |       |       |     1 ||     1
  Use: Potion            |     2 |       |       ||     2
Armor: Robe              |       |       |     1 ||     1
Dodge: Dodged            |     1 |     1 |     4 ||     6

Table legend: (Time is in decaauts)
 A = Elapsed time spent in this place.
 B = Non-inter-level travel time spent in this place.
 C = Inter-level travel time spent in this place.
 D = Time resting spent in this place.
 E = Time spent auto-exploring this place.
 F = Levels seen in this place.
 G = Mean time per level.
                   A        B        C        D        E       F      G
               +--------+--------+--------+--------+--------+-----+--------+
         Total |   1500 |   1500 |      0 |   1195 |      0 |   1 | 1500.0 |
       Dungeon |   1500 |   1500 |      0 |   1195 |      0 |   1 | 1500.0 |
               +--------+--------+--------+--------+--------+-----+--------+

Top non-repeatable levels by time:
       D: 1500 daAuts
